 Dungeon Crawl Stone Soup version 0.24-a0-165-g1b465fe (webtiles) character file.

Game seed: 12469874015712234688

97 Dfrag the Grave Robber (level 4, -1/36 HPs)
             Began as a Deep Dwarf Necromancer on Mar 7, 2019.
             Slain by an orc
             ... wielding a +0 club
              (4 damage)
             ... on level 3 of the Dungeon.
             The game lasted 00:02:51 (1451 turns).

Dfrag the Grave Robber (Deep Dwarf Necromancer)     Turns: 1451, Time: 00:02:51

Health: -1/36      AC:  2    Str: 11    XL:     4   Next: 42%
Magic:  9/9        EV: 12    Int: 17    God:
Gold:   59         SH:  5    Dex: 13    Spells: 5/9 levels left

rFire    . . .     SeeInvis .   b - +0 whip
rCold    . . .     Gourm    .   e - +2 buckler
rNeg     . . .     Faith    .   a - +0 robe
rPois    .         Spirit   .   (no helmet)
rElec    .         Reflect  .   (no cloak)
rCorr    .         Harm     .   (no gloves)
MR       .....                  (no boots)
Stlth    ++........             (no amulet)
HPRegen  0.00/turn              (no ring)
MPRegen  0.11/turn              (no ring)

@: non-regenerating
A: damage resistance, heal wounds, sense surroundings 1, no regeneration
a: Heal Wounds


You were on level 3 of the Dungeon.
You were not hungry.

You visited 1 branch of the dungeon, and saw 3 of its levels.

You collected 59 gold pieces.

Inventory:

Hand Weapons
 b - a +0 whip (weapon)
Armour
 a - a +0 robe (worn)
 e - a +2 buckler (worn)
Scrolls
 d - 2 scrolls of identify {unknown}
 f - 3 scrolls of amnesia {unknown}
 i - a scroll of noise {unknown}
 k - 3 scrolls of teleportation {unknown}
 l - a scroll of enchant armour {unknown}
 m - a scroll of random uselessness {unknown}
Potions
 g - 2 potions of degeneration {unknown}
 h - 2 potions of heal wounds {unknown}
 j - a potion of curing {unknown}
 n - a potion of agility {unknown}
 o - a potion of experience {unknown}
Comestibles
 c - 5 rations


   Skills:
 - Level 2.1 Dodging
 - Level 2.4 Stealth
 * Level 3.4 Spellcasting
 + Level 5.1 Necromancy


You had 5 spell levels left.
You knew the following spells:

 Your Spells              Type           Power        Failure   Level  Hunger
a - Pain                  Necr           ###.         3%          1    None
b - Vampiric Draining     Necr           ###.......   10%         3    ###....

Your spell library contained the following spells:

 Spells                   Type           Power        Failure   Level  Hunger
 Animate Skeleton         Necr           N/A          3%          1    None
 Animate Dead             Necr           N/A          32%         4    ####...
 Regeneration             Chrm/Necr      Unusable     N/A         3    N/A

Dungeon Overview and Level Annotations

Branches:
Dungeon (3/15)

Altars:
Dithmenos
Uskayaw


Innate Abilities, Weirdness & Mutations

You are resistant to damage.
You can heal yourself by infusing magical energy.
You passively map a small area around you.
You do not regenerate.


Message History

You see here a rat corpse.
You butcher the rat corpse.
p - a chunk of flesh You see here a rat skeleton.
There is a stone staircase leading down here.
You start resting.
Eating a chunk of flesh.
You eat the chunk of flesh.
This raw flesh tastes terrible.
Magic restored.
You start waiting.
Done waiting.
You climb downwards.
An orc and an orc wizard come into view.
The orc wizard shouts!
The orc hits you with a +0 flail.
* * * LOW HITPOINT WARNING * * *
The orc misses you. The orc hits you with a +0 flail!
* * * LOW HITPOINT WARNING * * *
There is a stone staircase leading up, spattered with blood here.
The orc hits you with a +0 club.
You die...

#... *
,####...##
#....#...
.......# * ,
#.....###### ,
, ##.........#
,,
*.##<...o.....#
, , *
.......@o....#*
,,
.##.##.....o.o.
, * ,
#.......o#o ,,
,* #..........
, , , ,,
,.........#. ,
, ...>........
*
,.##.#####.#..
* .. #. .... ,
, , , ,


You could see 2 orc wizards and 4 orcs.

Vanquished Creatures
  A howler monkey (D:2)
  2 adders (D:2)
  2 leopard geckos
  A giant cockroach (D:2)
  4 goblins
  4 hobgoblins
  4 jackals
  A quokka (D:2)
  8 bats
  6 frilled lizards
  4 kobolds (D:1)
  7 rats
44 creatures vanquished.

Notes
Turn   | Place    | Note
-------+----------+-------------------------------------------
     0 | D:1      | Dfrag the Deep Dwarf Necromancer began the quest for the
                  | Orb.
     0 | D:1      | Reached XP level 1. HP: 15/15 MP: 3/3
   113 | D:1      | Reached XP level 2. HP: 20/22 MP: 1/5
   581 | D:2      | Reached XP level 3. HP: 7/28 MP: 4/7
   586 | D:2      | Learned a level 3 spell: Vampiric Draining
   600 | D:2      | Found a shadowy altar of Dithmenos.
   725 | D:2      | Noticed a -2 hand axe
   725 | D:2      | Noticed a +0 dagger
   726 | D:2      | Found a hide-covered altar of Uskayaw.
   824 | D:2      | Reached skill level 5 in Necromancy
   824 | D:2      | Reached XP level 4. HP: 14/36 MP: 0/9
  1451 | D:3      | Slain by an orc

Levels and vault maps discovered:
D:1:      mainiacjoe_arrival_reflecting_pool, layout_basic
D:2:      layout_basic, dancing_weapons_uskayaw,
          grunt_dithmenos_smoke_and_mirrors, minmay_hexomino_f4
D:3:      layout_rooms, evilmike_ruin_ashenzari, first_ration

Skill      XL: |  1  2  3 |
---------------+----------+-----
Spellcasting   | 2 3 |  3.4
Necromancy     | 5 |  5.1
Dodging        | |  2.1
Stealth        | |  2.4

Action                   |  1- 3 |  4- 6 || total
-------------------------+-------+-------++-------
Melee: Unarmed           |     9 |       ||     9
       Whip              |    50 |       ||    50
 Cast: Pain              |    35 |     7 ||    42
       Vampiric Draining |     5 |     5 ||    10
 Stab: Sleeping          |     2 |       ||     2
  Eat: Chunk             |     1 |     2 ||     3
Armor: Robe              |     9 |       ||     9
Dodge: Dodged            |    56 |     7 ||    63
Block: Buckler           |    15 |     6 ||    21

Table legend:
 A = Non-vault XP
 B = Vault XP
 C = Vault XP percentage of total XP
 D = Non-vault monster count
 E = Vault monster count
 F = Vault count percentage of total count
                 A         B        C        D         E       F
            +---------+---------+-------+---------+---------+-------
      Total |     123 |      16 |  11.5 |      41 |       3 |   6.8
            +---------+---------+-------+---------+---------+-------
        D:1 |      35 |       0 |   0.0 |      24 |       0 |   0.0
        D:2 |      85 |      16 |  15.8 |      15 |       3 |  16.7
        D:3 |       3 |       0 |   0.0 |       2 |       0 |   0.0
            +---------+---------+-------+---------+---------+-------
